AoeStats
← Raziel

Arabia

509103559Analyzed
1v1 RM · 5d ago on Sep 25, 2026· 53m 33s· 2 players
Game mode
Random Map
Map size
Tiny (2 player)
Population
200
Speed
Normal
Resources
Standard
Victory
Conquest
Starting age
Dark Age
Ending age
Imperial Age
RankedLock teamsTeams togetherTeam positionsShared explorationLock speedFull tech treeHidden civsTurbo modeCheats
Victory
Defeat
🇨🇳 Magyars · China
1087
+17
🇨🇱 Malians · Chile
1103
-17
挥舞的指甲刀
3:22 Loom
9:16 Feudal Age
10:23 Double-Bit Axe
14:31 Fletching
14:38 Gold Mining
14:30 Horse Collar
16:56 Padded Archer Armor
20:40 Castle Age
19:46 Scale Barding Armor
21:57 Husbandry
23:01 Chain Barding Armor
26:32 Wheelbarrow
30:31 Hand Cart
33:27 Gold Shaft Mining
37:46 Imperial Age
37:29 Ballistics
37:26 Bow Saw
37:51 Bodkin Arrow
38:16 Leather Archer Armor
39:39 Chemistry
39:21 Parthian Tactics
41:44 Light Cavalry
42:34 Bloodlines
43:28 Heavy Plow
44:30 Two-Man Saw
45:09 Recurve Bow
45:30 Conscription
44:38 Heavy Cavalry Archer
47:08 Crop Rotation
47:27 Hussar
50:36 Plate Barding Armor
50:03 Bracer
50:34 Ring Archer Armor
Raziel
7:10 Loom
7:18 Loom
10:10 Feudal Age
12:21 Double-Bit Axe
15:52 Fletching
18:30 Padded Archer Armor
25:05 Castle Age
23:00 Gold Mining
22:52 Horse Collar
25:57 Bodkin Arrow
25:24 Crossbowman
28:14 Ballistics
29:02 Pikeman
29:43 Squires
30:01 Forging
29:51 Scale Mail Armor
37:13 Imperial Age
36:51 Tigui
37:48 Bow Saw
41:38 Chemistry
53:10 Town Watch
Connection lost

Rejoining the realm…

Still unreachable

The connection could not be restored.

Session expired

The server has moved on; the page needs a fresh start.